 Dungeon Crawl Stone Soup version 0.18.1-6-gd335043 (webtiles) character file.

162 FitzyFitz the Caller (level 4, -1/33 HPs)
             Began as a Demigod Summoner on May 16, 2016.
             Slain by an iguana (8 damage)
             ... on level 4 of the Dungeon.
             The game lasted 00:10:24 (4210 turns).

FitzyFitz the Caller (Demigod Summoner)             Turns: 4210, Time: 00:10:24

Health: -1/33      AC:  4    Str: 11    XL:     4   Next: 99%
Magic:  6/9        EV: 13    Int: 21    God:
Gold:   107        SH:  0    Dex: 16    Spells: 2 memorised, 3 levels left

rFire  . . .     SeeInvis .     a - +0 short sword (holy)
rCold  . . .     Gourm    .     e - +0 robe
rNeg   . . .     Faith    .     (no shield)
rPois  .         Spirit   .     (no helmet)
rElec  .         Dismiss  .     (no cloak)
rCorr  .         Reflect  .     m - +1 pair of gloves
SustAt +         Harm     .     (no boots)
MR     .....                    (no amulet)
Stlth  ++........               (no ring)
                                (no ring)

@: not resistant to hostile enchantments, unstealthy
A: high mp 1, sustain attributes
a: no special abilities


You were on level 4 of the Dungeon.
You were not hungry.

You visited 1 branch of the dungeon, and saw 4 of its levels.

You collected 107 gold pieces.

Inventory:

Hand Weapons
 a - a +0 short sword of holy wrath (weapon)
 u - a +0 falchion
Missiles
 d - 54 stones (quivered)
 g - 35 sling bullets
Armour
 e - a +0 robe (worn)
 k - a +0 leather armour
 m - a +1 pair of gloves (worn)
Scrolls
 i - 2 scrolls of identify {unknown}
 j - a scroll of enchant armour {unknown}
 l - a scroll of noise {unknown}
 s - a scroll of blinking {unknown}
 t - 2 scrolls of remove curse {unknown}
Potions
 f - 3 potions of curing
 h - a potion of mutation {unknown}
 n - a potion of degeneration {unknown}
 q - a potion of cure mutation {unknown}
Books
 b - a book of Callings

   Spells                             Type                      Level
   a - Summon Small Mammal            Summoning                    1
   b - Call Imp                       Summoning                    2
   c - Call Canine Familiar           Summoning                    3
   d - Summon Guardian Golem          Hexes/Summoning              3
   e - Summon Lightning Spire         Summoning/Air                4
   f - Summon Ice Beast               Ice/Summoning                4
Comestibles
 c - 3 bread rations
 o - a chunk of flesh
 p - 4 meat rations


   Skills:
 + Level 2.4 Dodging
 - Level 1.7 Stealth
 - Level 1.7 Spellcasting
 + Level 5.7 Summonings


You had 3 spell levels left.
You knew the following spells:

 Your Spells              Type           Power        Failure   Level  Hunger
a - Summon Small Mammal   Summ           ####         1%          1    #......
b - Call Imp              Summ           ####....     1%          2    ###....


Dungeon Overview and Level Annotations

Branches:
Dungeon (4/15)
 Temple: D:4-7


Innate Abilities, Weirdness & Mutations

You have an increased reservoir of magic (+10% MP).
Your attributes are resistant to harm.


Message History

Casting: Summon Small Mammal
Confirm with . or Enter, or press ? or * to list all spells.
A beastly little devil appears in a puff of flame.
The iguana bites you!
You barely miss the iguana. The iguana bites you!
You hit the iguana but do no damage. The iguana bites you!
* * * LOW HITPOINT WARNING * * *
Your crimson imp hits the iguana but does no damage.
Your crimson imp closely misses the iguana.
Casting: Call Imp
Confirm with . or Enter, or press ? or * to list all spells.
Your crimson imp hits the iguana but does no damage.
The iguana barely misses you.
Your crimson imp barely misses the iguana.
Some of the chunks of flesh in your inventory have rotted away.
Your quokka bites the iguana.
Casting: Summon Small Mammal
Confirm with . or Enter, or press ? or * to list all spells.
The iguana bites you!
You die...

#..# ### #####.########
##.## ##.###........#
##...#####...###........
...#.......#..##........
.#...#####...##.5.......
.##.## ##.###.r.......
.##.# #.##..l.......
.##.# #.##b.@.......
###.# #.#........... #
#.## ##.##..........
##...#####...#..........
...#.......#............
.#...#####...#..........
.# .## ##.##..........
.. # #............. ###
##.......>...


You could see an iguana, a friendly crimson imp, a friendly quokka and a
friendly bat.

Vanquished Creatures
  An orc priest (D:3)
  A hound skeleton (D:4)
  An adder (D:3)
  An adder skeleton (D:4)
  2 worms
  A dart slug (D:1)
  5 giant geckos
  2 orcs (D:3)
  2 ball pythons
  9 bats
  A giant cockroach (D:1)
  7 goblins
  16 hobgoblins
  A jackal (D:2)
  3 giant newts
  9 kobolds
  11 rats
73 creatures vanquished.

Vanquished Creatures (collateral kills)
  2 adders
  2 worms
  A giant gecko (D:3)
  An orc (D:3)
  A bat (D:3)
  A giant cockroach (D:3)
  3 jackals (D:2)
  A giant newt (D:3)
12 creatures vanquished.

Grand Total: 85 creatures vanquished

Notes
Turn   | Place    | Note
--------------------------------------------------------------
     0 | D:1      | FitzyFitz the Demigod Summoner began the quest for the Orb.
     0 | D:1      | Reached XP level 1. HP: 14/14 MP: 5/5
   121 | D:1      | Reached skill level 4 in Summonings
   358 | D:1      | Reached XP level 2. HP: 19/20 MP: 7/7
   806 | D:1      | Learned a level 2 spell: Call Imp
   899 | D:2      | Reached XP level 3. HP: 16/26 MP: 8/8
  1023 | D:2      | Found an ancient bone altar of Kikubaaqudgha.
  2180 | D:2      | Reached skill level 5 in Summonings
  3139 | D:3      | Reached XP level 4. HP: 32/33 MP: 6/9
  3631 | D:3      | Found a roughly hewn altar of Beogh.
  4210 | D:4      | Slain by an iguana

Skill      XL: |  1  2  3  4 |
---------------+-------------+-----
Summonings     | 4 5 |  5.7
Dodging        | 2 |  2.4
Stealth        | |  1.7
Spellcasting   | |  1.7

Action                   |  1- 3 |  4- 6 || total
-------------------------+-------+-------++-------
Melee: Short sword       |   242 |    92 ||   334
       Unarmed           |     1 |       ||     1
Throw: Stone             |    16 |       ||    16
 Cast: Summon Small Mamm |     9 |     9 ||    18
       Call Imp          |     2 |     4 ||     6
  Use: Potion            |     1 |       ||     1
 Stab: Sleeping          |     7 |     3 ||    10
  Eat: Chunk             |     7 |     2 ||     9
       Royal jelly       |       |     1 ||     1
Armor: Robe              |    63 |    18 ||    81
Dodge: Dodged            |   179 |    61 ||   240
